 Dungeon Crawl Stone Soup version 0.19-a0-1608-g4cf22de (webtiles) character file.

218 jacquesderrida the Slasher (level 5, -2/26 HPs)
             Began as a Vine Stalker Skald on Sept 17, 2016.
             Slain by an iguana (6 damage)
             ... on level 5 of the Dungeon.
             The game lasted 00:06:57 (1182 turns).

jacquesderrida the Slasher (Vine Stalker Skald)     Turns: 1182, Time: 00:06:58

Health: -2/26      AC:  8    Str: 14    XL:     5   Next: 95%
Magic:  0/9        EV:  8    Int: 13    God:
Gold:   138        SH:  0    Dex: 14    Spells: 1 memorised, 7 levels left

rFire  . . .     SeeInvis .     a - +0 falchion
rCold  . . .     Gourm    .     o - +0 scale mail
rNeg   . . .     Faith    .     (no shield)
rPois  .         Spirit   +     (no helmet)
rElec  .         Dismiss  .     (no cloak)
rCorr  .         Reflect  .     (no gloves)
MR     .....     Harm     .     w - +1 pair of boots
Stlth  ..........               (no amulet)
                                (no ring)
                                (no ring)

@: drained
A: fangs 2, regeneration 1, magic shield, antimagic bite, no device heal 3, rot
immunity
a: no special abilities


You were on level 5 of the Dungeon.
You were not hungry.

You visited 1 branch of the dungeon, and saw 5 of its levels.
You also visited: Sewer.

You collected 138 gold pieces.

Inventory:

Hand Weapons
 a - a +0 falchion (weapon)
Armour
 b - a +0 leather armour
 o - a +0 scale mail (worn)
 w - a +1 pair of boots (worn)
Scrolls
 f - 4 scrolls of magic mapping {unknown}
 g - a scroll of identify {unknown}
 h - a scroll of noise {unknown}
 i - 2 scrolls of remove curse
 l - a scroll of blinking
 q - 2 scrolls of teleportation
Potions
 e - a potion of lignification {unknown}
 j - a potion of invisibility {unknown}
 m - 2 potions of degeneration {unknown}
 n - a potion of magic {unknown}
 r - 2 potions of flight
 s - a potion of might {unknown}
 t - a potion of curing {unknown}
 u - a potion of agility {unknown}
 v - a potion of mutation {unknown}
Books
 c - a book of Battle

   Spells                             Type                      Level
   a - Infusion                       Charms                       1
   b - Shroud of Golubria             Charms/Translocation         2
   c - Song of Slaying                Charms                       2
   d - Spectral Weapon                Hexes/Charms                 3
   e - Regeneration                   Charms/Necromancy            3
 p - a book of the Dragon

   Spells                             Type                      Level
   a - Flame Tongue                   Conjuration/Fire             1
   b - Cause Fear                     Hexes                        4
   c - Bolt of Fire                   Conjuration/Fire             6
   d - Dragon Form                    Transmutation                7
   e - Dragon's Call                  Summoning                    9
Comestibles
 d - 2 bread rations
 k - 4 chunks of flesh


   Skills:
 - Level 1.7(0.7) Fighting
 + Level 5.4(4.3) Long Blades
 - Level 0.7(0.0) Armour
 - Level 0.7(0.0) Dodging
 - Level 2.1(1.1) Spellcasting
 - Level 3.0(1.9) Charms


You had 7 spell levels left.
You knew the following spells:

 Your Spells              Type           Power        Failure   Level  Hunger
a - Infusion              Chrm           #...         65%         1    ##.....


Dungeon Overview and Level Annotations

Branches:
Dungeon (5/15)
 Temple: D:4-7

Altars:


Innate Abilities, Weirdness & Mutations

You have extremely sharp teeth.
Your natural rate of healing is unusually fast.
When hurt, damage is shared between your health and your magic reserves.
Your bite disrupts and absorbs the magic of your enemies.
Potions and wands cannot restore your health.
You are immune to rotting.


Message History

You hit the iguana but do no damage.
The iguana is severely wounded.
The leopard gecko bites you but does no damage.
Unknown command.
You hit the iguana. Your bite misses the iguana.
The iguana is almost dead.
The iguana closely misses you. The leopard gecko closely misses you.
Unknown command.
You hit the iguana but do no damage.
The iguana is almost dead.
The iguana bites you but does no damage.
The leopard gecko bites you but does no damage. x2
The iguana bites you!
* * * LOW HITPOINT WARNING * * *
Unknown command.
You barely miss the iguana.
The iguana is almost dead.
The leopard gecko bites you but does no damage.
The iguana bites you!
You die...

.. ###### ###
#.##..... ?..
#.##.##.# #%##
#.##.##.##...##
#####.##.##.#.....##
#...................
#...##..#l#.....##
#.#......@l.......
#...##..###.(.####
##.###..# .......
#†# #..# l..#### #.#
#..# ...# #.# #...
...# # #.# ##.#.
...# #.##.####.##
...# #...........


You could see an iguana and a leopard gecko.

Vanquished Creatures
  2 hounds (D:5)
  A bullfrog skeleton (D:4)
  An iguana (D:5)
  3 adders
  7 oozes
  3 worms
  3 leopard geckos
  6 bats
  A giant cockroach (D:3)
  2 goblins (D:2)
  2 hobgoblins
  4 jackals (Sewer)
  A quokka (D:5)
  5 ball pythons
  4 frilled lizards
  2 kobolds (D:2)
  A rat (D:2)
48 creatures vanquished.

Notes
Turn   | Place    | Note
-------+----------+-------------------------------------------
     0 | D:1      | jacquesderrida the Vine Stalker Skald began the quest for the Orb.
     0 | D:1      | Reached XP level 1. HP: 11/11 MP: 4/4
    51 | D:2      | Reached skill level 2 in Long Blades
    51 | D:2      | Reached XP level 2. HP: 15/15 MP: 6/6
   211 | D:2      | Reached skill level 3 in Long Blades
   211 | D:2      | Reached XP level 3. HP: 16/18 MP: 5/7
   390 | D:4      | Gained mutation: Your natural rate of healing is unusually fast. [Vine Stalker growth]
   390 | D:4      | Reached XP level 4. HP: 16/23 MP: 8/8
   465 | D:4      | Found a glowing drain.
   470 | Sewer    | Entered a sewer
   477 | Sewer    | Reached skill level 4 in Long Blades
   841 | Sewer    | Reached XP level 5. HP: 17/26 MP: 7/9
   847 | Sewer    | CHERVI
  1032 | D:4      | Noticed an ogre
  1047 | D:5      | Entered Level 5 of the Dungeon
  1125 | D:5      | Reached skill level 5 in Long Blades
  1182 | D:5      | Slain by an iguana

Vault maps used:
D:1:      moated_graveyard_arrival, roderic_lattice_a
D:2:      uniq_sigmund
D:4:      lemuel_crystal_altar, portal_sewer_entry_e
D:5:      first_bread
Sewer:    sewer_fruit_machine

Skill      XL: |  1  2  3  4  5 |
---------------+----------------+-----
Long Blades    | 2 3 4 5 |  5.4
Fighting       | |  1.7
Armour         | |  0.7
Dodging        | |  0.7
Spellcasting   | |  2.1
Charms         | |  3.0

Action                   |  1- 3 |  4- 6 || total
-------------------------+-------+-------++-------
Melee: Falchion          |    53 |   176 ||   229
       Bite              |    13 |    38 ||    51
  Use: Potion            |       |     1 ||     1
       Scroll            |       |     5 ||     5
  Eat: Chunk             |       |     2 ||     2
Armor: Leather armour    |    11 |       ||    11
       Scale mail        |     3 |    87 ||    90
Dodge: Dodged            |    31 |    88 ||   119
